 Dungeon Crawl Stone Soup version 0.20-a0-11-ga97c7b5 (webtiles) character file.

3243 Kaname the Destroyer (level 9, 0/57 HPs)
             Began as a Demonspawn Venom Mage on Nov 2, 2016.
             Was an Initiate of Okawaru.
             Slain by a water moccasin (9 damage)
             ... on level 7 of the Dungeon.
             The game lasted 00:36:39 (10188 turns).

Kaname the Destroyer (Demonspawn Venom Mage)       Turns: 10188, Time: 00:36:40

Health: 0/57       AC:  6    Str:  9    XL:     9   Next: 67%
Magic:  16/16      EV: 14    Int: 20    God:    Okawaru [......]
Gold:   209        SH:  0    Dex: 13    Spells: 4 memorised, 4 levels left

rFire  . . .     SeeInvis .     l - +3 quarterstaff (chaos)
rCold  . . .     Gourm    .     q - +0 leather armour
rNeg   . . .     Faith    .     (shield currently unavailable)
rPois  .         Spirit   .     o - +0 helmet
rElec  .         Reflect  .     m - +0 cloak
rCorr  .         Harm     .     (gloves unavailable)
MR     .....                    w - +0 pair of boots
Stlth  ++........               (no amulet)
                                C - ring of wizardry
                                A - +2 ring of evasion

@: lethally poisoned (0 -> -11)
A: claws 3, powered by pain 2, sturdy frame 2
a: Renounce Religion


You were on level 7 of the Dungeon.
You worshipped Okawaru.
Okawaru was noncommittal.
You were hungry.

You visited 2 branches of the dungeon, and saw 8 of its levels.

You collected 409 gold pieces.
You spent 200 gold pieces at shops.

Inventory:

Hand Weapons
 l - a +3 quarterstaff of chaos (weapon)
 H - the +1 spear of the Big Bang {venom, rC+ Dex+3}
   (You bought it in a shop on level 7 of the Dungeon)

   It poisons the flesh of those it strikes.
   It affects your dexterity (+3).
   It protects you from cold.
Armour
 m - a +0 cloak (worn)
 o - a +0 helmet (worn)
 q - a +0 leather armour (worn)
 w - a +0 pair of boots (worn)
Magical Staves
 t - an uncursed staff of poison
Jewellery
 A - a +2 ring of evasion (left claw)
 C - a ring of wizardry (right claw)
Wands
 y - a wand of paralysis (13/24)
 B - a wand of acid (0/15)
 L - a wand of paralysis (18/24)
Scrolls
 h - 2 scrolls of recharging
 i - 2 scrolls of enchant armour
 j - a scroll of immolation {unknown}
 k - a scroll of fog
 n - 6 scrolls of remove curse {unknown}
 r - 2 scrolls of blinking {unknown}
 x - a scroll of magic mapping {unknown}
 D - a scroll of enchant weapon {unknown}
 E - a scroll of acquirement {unknown}
 F - a scroll of amnesia
 G - 2 scrolls of teleportation
 J - a scroll of torment {unknown}
Potions
 e - a potion of flight
 f - a potion of curing
 g - 4 potions of brilliance
 p - 2 potions of invisibility {unknown}
 s - a potion of magic {unknown}
 v - a potion of might
 z - 3 potions of degeneration {unknown}
Books
 b - a Young Poisoner's Handbook

   Spells                             Type                      Level
   a - Sting                          Conjuration/Poison           1
   b - Mephitic Cloud                 Conjuration/Poison/Air       3
   c - Olgreb's Toxic Radiance        Poison                       4
   d - Alistair's Intoxication        Transmutation/Poison         5
   e - Venom Bolt                     Conjuration/Poison           5
 u - a book of Flames

   Spells                             Type                      Level
   a - Flame Tongue                   Conjuration/Fire             1
   b - Throw Flame                    Conjuration/Fire             2
   c - Conjure Flame                  Conjuration/Fire             3
   d - Inner Flame                    Hexes/Fire                   3
   e - Sticky Flame                   Conjuration/Fire             4
   f - Fireball                       Conjuration/Fire             5
 K - a book of Frost

   Spells                             Type                      Level
   a - Freeze                         Ice                          1
   b - Throw Frost                    Conjuration/Ice              2
   c - Ozocubu's Armour               Charms/Ice                   3
   d - Throw Icicle                   Conjuration/Ice              4
   e - Summon Ice Beast               Ice/Summoning                4
Comestibles
 c - 5 bread rations
 d - 5 meat rations


   Skills:
 - Level 1.7 Dodging
 - Level 1.7 Stealth
 + Level 4.9 Spellcasting
 - Level 8.5 Conjurations
 - Level 6.0 Fire Magic
 - Level 4.0 Air Magic
 - Level 6.0 Poison Magic


You had 4 spell levels left.
You knew the following spells:

 Your Spells              Type           Power        Failure   Level  Hunger
a - Inner Flame           Hex/Fire       ###.....     4%          3    ##.....
b - Mephitic Cloud        Conj/Pois/Air  ####....     1%          3    ##.....
c - Olgreb's Toxic Radia  Pois           ####....     4%          4    ####...
d - Conjure Flame         Conj/Fire      ####....     1%          3    ##.....


Dungeon Overview and Level Annotations

Branches:
Dungeon (7/15)             Temple (1/1) D:7

Altars:
Cheibriados
Dithmenos
Elyvilon
Fedhas
Kikubaaqudgha
Makhleb
Nemelex Xobeh
Okawaru
Qazlal
Ru
Sif Muna
Trog
Uskayaw
Zin
The Shining One

Shops:
D:7 *


Innate Abilities, Weirdness & Mutations

You have claws for hands.
You sometimes gain power by taking damage.
Your movements are less encumbered by armour. (ER -4)


Message History

You hit the water moccasin. You burn the water moccasin.
The water moccasin is heavily wounded.
The water moccasin closely misses you. The water moccasin misses you.
You hit the water moccasin.
The water moccasin goes berserk!
The water moccasin is severely wounded.
The water moccasin bites you.
You are poisoned.
The water moccasin poisons you! The water moccasin closely misses you.
The water moccasin bites you.
* * * LOW HITPOINT WARNING * * *
You feel better. The water moccasin bites you!
* * * LOW HITPOINT WARNING * * *
You are poisoned.
The water moccasin poisons you! The water moccasin barely misses you.
Okay, then.
You feel better. The water moccasin bites you!
* * * LOW HITPOINT WARNING * * *
You are lethally poisoned!
The water moccasin poisons you! The water moccasin bites you!
You die...

####...#.....###.##.##.##[#
#...#.###........##.##.##)#
#.....# ##.########.......#
#...### #.# #.#######
####.##### #.# #.#
#........###'## #.#
#.##.###.##...## #.# #.##.#
#.#..S..## #.## #..#.#
#....@...## #..##
#####....###.........####...##
...........+.........+.<.....#
#####...####.........####...##
#......##.....)..## #..##
#.........#.....## #.##
#...##.#####...## #.# #...##.#
##+## #.##### #...##.# #.#
#.....#


You could see a water moccasin (berserk).

Vanquished Creatures
  A hill giant (D:7)
  Sigmund (D:2)
  A wyvern (D:7)
  A water moccasin (D:7)
  3 ice beasts
  A sky beast (D:6)
  An orc warrior (D:6)
  A phantom (D:7)
  A necrophage (D:6)
  2 centaurs (D:7)
  4 bullfrogs
  A scorpion (D:5)
  A water moccasin skeleton (D:4)
  A howler monkey (D:5)
  2 bullfrog zombies (D:5)
  A crimson imp (D:6)
  2 centaur skeletons
  A hound (D:6)
  A jelly (D:6)
  6 orc wizards
  Crazy Yiuf (D:2)
  A gnoll shaman (D:5)
  2 orc priests
  3 iguanas (D:7)
  Ijyb (D:3)
  Terence (D:2)
  9 worker ants
  2 howler monkey zombies
  Robin (D:2)
  9 adders
  5 gnolls (D:5)
  A gnoll (shapeshifter) (D:5)
  A shadow imp (D:7)
  2 oozes
  5 worms
  3 dart slugs
  4 leopard geckos
  19 orcs
  A ball python (D:1)
  10 bats
  6 giant cockroaches
  16 goblins
  7 hobgoblins
  15 jackals
  6 quokkas
  6 frilled lizards
  A giant cockroach zombie (D:6)
  A jackal zombie (D:7)
  5 kobolds
  A quokka skeleton (D:7)
  A quokka zombie (D:7)
  6 rats
185 creatures vanquished.

Vanquished Creatures (collateral kills)
  An orc (D:6)
1 creature vanquished.

Vanquished Creatures (others)
  A crimson imp (D:6)
1 creature vanquished.

Grand Total: 187 creatures vanquished

Notes
Turn   | Place    | Note
-------+----------+-------------------------------------------
     0 | D:1      | Kaname the Demonspawn Venom Mage began the quest for the Orb.
     0 | D:1      | Reached XP level 1. HP: 13/13 MP: 3/3
    60 | D:1      | Reached skill level 1 in Conjurations
   174 | D:1      | Gained mutation: You have sharp fingernails. [demonic ancestry]
   174 | D:1      | Reached XP level 2. HP: 5/19 MP: 0/5
   430 | D:1      | Reached skill level 2 in Conjurations
  1127 | D:2      | Gained mutation: You sometimes gain a little power by taking damage. [demonic ancestry]
  1127 | D:2      | Reached XP level 3. HP: 20/24 MP: 3/6
  1206 | D:2      | Learned a level 3 spell: Mephitic Cloud
  1230 | D:2      | Reached skill level 3 in Conjurations
  1627 | D:2      | Gained mutation: You sometimes gain power by taking damage. [demonic ancestry]
  1627 | D:2      | Reached XP level 4. HP: 24/30 MP: 7/7
  1721 | D:2      | Noticed Sigmund
  1783 | D:2      | Reached skill level 4 in Conjurations
  1872 | D:2      | Found a runed door.
  1876 | D:2      | Noticed Crazy Yiuf
  1882 | D:2      | Killed Crazy Yiuf
  1882 | D:2      | Reached skill level 1 in Air Magic
  1983 | D:2      | Killed Sigmund
  1983 | D:2      | Gained mutation: You have very sharp fingernails. [demonic ancestry]
  1983 | D:2      | Reached XP level 5. HP: 12/35 MP: 0/8
  1983 | D:2      | Gained mutation: Your movements are slightly less encumbered by armour. (ER -2) [demonic ancestry]
  1983 | D:2      | Reached XP level 6. HP: 14/41 MP: 0/9
  1997 | D:2      | Noticed Robin
  2279 | D:2      | Killed Robin
  2485 | D:2      | Learned a level 4 spell: Olgreb's Toxic Radiance
  2577 | D:2      | Noticed Terence
  2594 | D:2      | Killed Terence
  3270 | D:3      | Noticed Ijyb
  3277 | D:3      | Killed Ijyb
  4323 | D:4      | Learned a level 3 spell: Conjure Flame
  4719 | D:4      | Reached XP level 7. HP: 45/46 MP: 6/11
  5073 | D:4      | Reached skill level 5 in Poison Magic
  5541 | D:5      | Entered Level 5 of the Dungeon
  5678 | D:5      | Reached skill level 1 in Fire Magic
  6009 | D:5      | Gained mutation: You have claws for hands. [demonic ancestry]
  6009 | D:5      | Reached XP level 8. HP: 43/52 MP: 12/12
  6041 | D:5      | Found a shadowy altar of Dithmenos.
  6485 | D:5      | Learned a level 3 spell: Inner Flame
  6661 | D:5      | Reached skill level 5 in Conjurations
  7248 | D:6      | Reached skill level 6 in Conjurations
  7819 | D:6      | Found a stormy altar of Qazlal.
  8033 | D:6      | Reached skill level 7 in Conjurations
  8035 | D:6      | Gained mutation: Your movements are less encumbered by armour. (ER -4) [demonic ancestry]
  8035 | D:6      | Reached XP level 9. HP: 45/56 MP: 7/15
  8135 | D:6      | Found a sacrificial altar of Ru.
  8136 | D:6      | Found a sparkling altar of Nemelex Xobeh.
  8136 | D:6      | Found a burning altar of Makhleb.
  8136 | D:6      | Found a snail-covered altar of Cheibriados.
  8144 | D:6      | Found a deep blue altar of Sif Muna.
  8148 | D:6      | Found a white marble altar of Elyvilon.
  8400 | D:7      | Noticed a hill giant
  8414 | D:7      | Killed a hill giant
  8414 | D:7      | Reached skill level 8 in Conjurations
  8821 | D:7      | Found Sear's Assorted Antiques.
  8829 | D:7      | Bought an encrusted spear for 200 gold pieces
  8829 | D:7      | Identified the +1 spear of the Big Bang {venom, rC+ Dex+3} (You bought it in a shop on level 7 of the Dungeon)
  8850 | D:7      | Reached skill level 5 in Fire Magic
  9343 | D:7      | Found a staircase to the Ecumenical Temple.
  9374 | Temple   | Entered the Ecumenical Temple
  9394 | Temple   | Became a worshipper of Warmaster Okawaru
 10188 | D:7      | Slain by a water moccasin

Vault maps used:
D:1:      lightli_arrival_statue_moat
D:2:      first_bread, kennysheep_generic_room_3, uniq_terence, uniq_robin,
          uniq_sigmund, uniq_crazy_yiuf_cottage
D:3:      uniq_iyjb
D:5:      grunt_dithmenos_smoke_and_mirrors, chequers_ossuary_entry_cave
D:6:      nicolae_qazlal_eye_of_the_storm, minmay_overflow_temple_hex
D:7:      serial_shops, shop
Temple:   dshaligram_water_room_temple

Skill      XL: |  1  2  3  4  5  6  7  8  9 |
---------------+----------------------------+-----
Conjurations   | 1 2 3 4 7 8 |  8.5
Air Magic      | 3 4 |  4.0
Spellcasting   | 3 4 |  4.9
Poison Magic   | 6 |  6.0
Fire Magic     | 3 4 6 |  6.0
Dodging        | |  1.7
Stealth        | |  1.7

Action                   |  1- 3 |  4- 6 |  7- 9 || total
-------------------------+-------+-------+-------++-------
Melee: Unarmed           |    20 |       |       ||    20
       Short sword       |    56 |    14 |       ||    70
       Quarterstaff      |       |   103 |   295 ||   398
       Staff             |       |    44 |     2 ||    46
 Cast: Sting             |    43 |    62 |    18 ||   123
       Mephitic Cloud    |       |     1 |     2 ||     3
       Olgreb's Toxic Ra |       |       |    14 ||    14
       Conjure Flame     |       |       |     4 ||     4
Evoke: Wand              |       |       |     7 ||     7
  Use: Potion            |       |     1 |     5 ||     6
       Scroll            |       |     3 |     6 ||     9
 Stab: Sleeping          |     1 |     6 |     3 ||    10
       Paralysed         |       |       |     2 ||     2
  Eat: Chunk             |     3 |     8 |    10 ||    21
       Fruit             |       |     2 |     2 ||     4
       Bread ration      |       |       |     1 ||     1
       Meat ration       |       |       |     1 ||     1
Armor: Robe              |    40 |    32 |       ||    72
       Leather armour    |       |    21 |    79 ||   100
Dodge: Dodged            |    96 |   142 |   176 ||   414
